 Dungeon Crawl Stone Soup version 0.23.2-40-g277498a001 (webtiles) character file.

Game seed: 1078690820532214745

102 Andrea the Sneak (level 4, 0/21 HPs)
             Began as a Spriggan Enchanter on Aug 14, 2019.
             Slain by a phantom (7 damage)
             ... on level 4 of the Dungeon.
             The game lasted 00:06:32 (1570 turns).

Andrea the Sneak (Spriggan Enchanter)               Turns: 1570, Time: 00:06:33

Health: 0/21       AC:  4    Str:  5    XL:     4   Next: 50%
Magic:  1/10       EV: 18    Int: 16    God:
Gold:   110        SH:  0    Dex: 16    Spells: 3/9 levels left

rFire    . . .     SeeInvis +   a - +1 dagger
rCold    . . .     Gourm    .   (shield restricted)
rNeg     . . .     Faith    .   b - +0 robe
rPois    .         Spirit   .   (helmet restricted)
rElec    .         Reflect  .   g - +1 cloak
rCorr    .         Harm     .   (gloves unavailable)
MR       .....                  (boots unavailable)
Stlth    +++.......             (no amulet)
HPRegen  0.07/turn              (no ring)
MPRegen  0.12/turn              (no ring)

@: very slightly contaminated, very quick
A: very small, unfitting armour, see invisible, herbivore, speed 3, slow
metabolism 2
a: no special abilities


You were on level 4 of the Dungeon.
You were not hungry.

You visited 1 branch of the dungeon, and saw 4 of its levels.

You collected 110 gold pieces.

Inventory:

Hand Weapons
 a - a +1 dagger (weapon)
Missiles
 j - 7 needles of confusion
 o - 17 poisoned needles
Armour
 b - a +0 robe (worn)
 g - a +1 cloak (worn)
Jewellery
 k - an uncursed amulet of guardian spirit {unknown}
Scrolls
 e - 2 scrolls of teleportation {unknown}
 h - a scroll of magic mapping {unknown}
 i - a scroll of immolation {unknown}
 l - 2 scrolls of identify {unknown}
 m - a scroll of remove curse {unknown}
 n - a scroll of blinking {unknown}
Potions
 c - a potion of haste {unknown}
 f - 3 potions of heal wounds {unknown}
Comestibles
 d - 5 rations


   Skills:
 * Level 2.8 Short Blades
 - Level 3.0 Dodging
 + Level 5.3 Stealth
 + Level 3.4 Spellcasting
 * Level 4.7 Hexes


You had 3 spell levels left.
You knew the following spells:

 Your Spells              Type           Power        Failure   Level  Hunger
a - Corona                Hex            ###....      2%          1    None
b - Ensorcelled Hibernat  Hex/Ice        ##....       11%         2    ##.....
c - Confuse               Hex            ###.....     8%          3    ###....

Your spell library contained the following spells:

 Spells                   Type           Power        Failure   Level  Hunger
 Tukima's Dance           Hex            ###.....     8%          3    ###....
 Dazzling Spray           Conj/Hex       ##....       21%         3    ###....


Dungeon Overview and Level Annotations

Branches:
Dungeon (4/15)
 Temple: D:4-7

Altars:
Elyvilon


Innate Abilities, Weirdness & Mutations

You are very small and have problems with some larger weapons.
You are too small for most types of armour.
You have supernaturally acute eyesight. (SInv)
You are a herbivore.
You cover ground extremely quickly.
You need to consume almost no food.


Message History

Confirm with . or Enter, or press ? or * to list all spells.
Aiming: Confuse (safe; 8% risk of failure)
Press: ? - help, Shift-Dir - straight line, f - phantom
Aim: a phantom (chance to defeat MR: 30%)
The phantom easily resists.
Casting: Confuse (safe; 8% risk of failure)
Confirm with . or Enter, or press ? or * to list all spells.
Aiming: Confuse (safe; 8% risk of failure)
Press: ? - help, Shift-Dir - straight line, f/p - phantom
Aim: a phantom (chance to defeat MR: 30%)
The phantom easily resists.
The phantom completely misses you.
Casting: Confuse (safe; 8% risk of failure)
Confirm with . or Enter, or press ? or * to list all spells.
Aiming: Confuse (safe; 8% risk of failure)
Press: ? - help, Shift-Dir - straight line, f/p - phantom
Aim: a phantom (chance to defeat MR: 30%)
You miscast Confuse.
You are very lightly contaminated with residual magic.
The light around you dims momentarily. The phantom hits you!
You die...

..
#......#.....#..##..
..#
##.....#...####.##..
... #......#...#
####..
#..##.....##.## #..)
.##..####'######
##..
...W.........##. ##.
................+ ##
.##..##.....+##.#
##. .### #.@...#
##.< .....##W....##
#[.. .............#
##.. ..[....<.....#
##' ......>......#
#.. #######.....##
#... #.>...# #...
......# ##.. ......#
###


You could see 2 phantoms.

Vanquished Creatures
  A worker ant (D:4)
  2 adders
  An ooze (D:1)
  2 worms
  3 dart slugs
  A leopard gecko (D:4)
  An orc (D:4)
  2 ball pythons
  2 giant cockroaches
  5 goblins
  4 hobgoblins (D:1)
  4 jackals (D:2)
  6 bats
  4 frilled lizards
  3 kobolds
  A rat (D:1)
42 creatures vanquished.

Notes
Turn   | Place    | Note
-------+----------+-------------------------------------------
     0 | D:1      | Andrea the Spriggan Enchanter began the quest for the Orb.
     0 | D:1      | Reached XP level 1. HP: 9/9 MP: 5/5
   163 | D:1      | Reached XP level 2. HP: 7/13 MP: 4/6
   195 | D:1      | Learned a level 2 spell: Ensorcelled Hibernation
   720 | D:2      | Reached XP level 3. HP: 16/16 MP: 8/8
   767 | D:2      | Learned a level 3 spell: Confuse
   889 | D:2      | Reached skill level 5 in Stealth
  1147 | D:3      | Found a white marble altar of Elyvilon.
  1255 | D:4      | Reached XP level 4. HP: 20/21 MP: 7/9
  1407 | D:4      | Noticed a phantom
  1407 | D:4      | Noticed a phantom
  1570 | D:4      | Slain by a phantom

Skill      XL: |  1  2  3 |
---------------+----------+-----
Hexes          | 4 |  4.7
Spellcasting   | 3 |  3.4
Short Blades   | 2 |  2.8
Stealth        | 5 |  5.3
Dodging        | |  3.0

Action                   |  1- 3 |  4- 6 || total
-------------------------+-------+-------++-------
Melee: Dagger            |   156 |    14 ||   170
 Cast: Corona            |     9 |       ||     9
       Ensorcelled Hiber |    10 |     9 ||    19
       Confuse           |       |     2 ||     2
 Stab: Sleeping          |    22 |     2 ||    24
Armor: Robe              |    32 |       ||    32
Dodge: Dodged            |   164 |    19 ||   183
